 Dungeon Crawl Stone Soup version 0.17-a0-427-ga655056 (webtiles) character file.

38693 McCoppin the Grappler (level 13, -2/133 HPs)
             Began as a Troll Chaos Knight on Apr 3, 2015.
             Slain by a blue devil (20 damage)
             ... in an ice cave on Apr 4, 2015.
             The game lasted 01:06:29 (13981 turns).

McCoppin the Grappler (Troll Chaos Knight)         Turns: 13981, Time: 01:06:29

Health: -2/133     AC: 11    Str: 26 (28) XL:     13   Next: 65%
Magic:  13/13      EV: 17    Int:  3      God:    Xom [*.....]
Gold:   804        SH:  0    Dex: 11 (13) Spells: 0 memorised, 12 levels left

rFire  + + +     SeeInvis .       - Unarmed
rCold  + . .     Clarity  .     i - +1 robe "Raprih" {rPois rF+++ Regen+ Int-5}
rNeg   . . .     SustAb   .     (no shield)
rPois  +         Gourm    +     (helmet restricted)
rElec  .         Spirit   .     b - +2 cloak {rC+}
rCorr  .         Warding  .     (gloves unavailable)
rMut   .         Stasis   .     (boots unavailable)
MR     .....                    g - amulet of regeneration
Stlth  +.........               u - ring of poison resistance
                                c - +3 ring of evasion

@: mighty, not resistant to hostile enchantments, very unstealthy
A: unfitting armour, claws 3, yellow scales 1, deterioration 1, fast metabolism
3, gourmand, regeneration 2, shaggy fur 1, tough skin 2
a: Renounce Religion


You were in an ice cave.
You worshipped Xom.
You were a special plaything of Xom.
You were near starving.

You visited 2 branches of the dungeon, and saw 18 of its levels.
You also visited: Ossuary and Ice Cave.

You collected 1146 gold pieces.
You spent 342 gold pieces at shops.

Inventory:

Hand weapons
 S - a -1 blowgun
Missiles
 f - 17 poisoned needles
 r - 11 throwing nets
 y - 18 javelins (quivered)
 K - 5 steel javelins
Armour
 b - a +2 cloak of cold resistance (worn)
 i - the +1 robe "Raprih" (worn) {rPois rF+++ Regen+ Int-5}
   (You found it on level 6 of the Lair of Beasts)

   It affects your intelligence (-5).
   It renders you almost immune to fire.
   It protects you from poison.
   It increases your rate of regeneration.
 F - a +0 cloak
 O - the +3 shield of Negligence {rPois rN+ rCorr SInv}
   (You acquired it on level 10 of the Dungeon)

   It protects you from poison.
   It protects you from negative energy.
   It enhances your eyesight.
   It protects you from acid and corrosion.
Jewellery
 c - a +3 ring of evasion (left claw)
 g - an amulet of regeneration (around neck)
 u - a ring of poison resistance (right claw)
 E - an uncursed ring of magical power
 J - a cursed ring of positive energy
 Q - an uncursed ring of wizardry
 X - an uncursed amulet of resist corrosion {unknown}
Magical devices
 h - a wand of cold (12)
 m - a wand of fireball (3)
 D - a wand of slowing (25)
 H - a wand of teleportation (2)
 P - a wand of fireball (9)
Scrolls
 d - 9 scrolls of teleportation
 k - 3 scrolls of blinking
 l - 3 scrolls of immolation
 n - 4 scrolls of magic mapping
 o - a scroll of recharging
 q - 3 scrolls of enchant armour
 v - a scroll of identify
 w - a scroll of holy word
 A - 2 scrolls of fog {unknown}
 R - 3 scrolls of amnesia
 T - 3 scrolls of remove curse
 V - a scroll of fear
 Z - a scroll of vulnerability {unknown}
Potions
 e - 2 potions of curing
 s - a potion of agility
 z - 2 potions of restore abilities
 G - a potion of might
 I - a potion of invisibility
 M - a potion of magic
 N - a potion of haste
 W - a potion of brilliance
Comestibles
 a - 11 bread rations
 j - 5 fruits
 t - 5 beef jerkies
 C - 4 meat rations


   Skills:
 + Level 10.3 Fighting
 * Level 6.8 Throwing
 + Level 11.1 Dodging
 - Level 14.3 Unarmed Combat
 - Level 3.0 Evocations


You had 12 spell levels left.
You didn't know any spells.

Dungeon Overview and Level Annotations

Branches:
Dungeon (11/15)              Lair (7/8) D:11         Shoals (0/5) Lair:4
    Orc (0/4) D:11
 Temple: D:4-7        Snake: Lair:3-6    Spider: Lair:3-6     Slime: Lair:6-8

Altars:
Dithmenos
Elyvilon
Fedhas
Kikubaaqudgha
Nemelex Xobeh
Okawaru
Ru
Trog
Xom
Yredelemnul
Zin
The Shining One

Shops:
D:8 !

Annotations:
D:4 McCoppin's ghost, experienced TrCK


Innate Abilities, Weirdness & Mutations

You are too large for most types of armour.
You have claws for hands.
Your metabolism is lightning-fast.
You like to eat raw meat.
You heal very quickly.
You are covered in fur (AC +1).
You have very tough skin (AC +2).
You are partially covered in yellow scales (AC +2).
Your body is slowly deteriorating.


Message History

The blue devil hits you but does no damage.
Drink which item? (? for menu, Esc to quit)
You feel better.
The blue devil hits you but does no damage.
The ice devil hits you but does no damage.
The blue devil completely misses you.
Drink which item? (? for menu, Esc to quit)
You feel better. The blue devil misses you. The ice devil barely misses you.
The blue devil barely misses you.
Drink which item? (? for menu, Esc to quit)
You feel better. The blue devil hits you! The ice devil hits you!
* * * LOW HITPOINT WARNING * * *
The ice devil freezes you! You resist.
* * * LOW HITPOINT WARNING * * *
The blue devil closely misses you.
You mangle the ice devil!!
You kill the ice devil!
The blue devil barely misses you. The blue devil hits you!!
You die...
Xom thinks this is hilarious!

#..##.#.## #..§#
#..#....## #§§.#
#..##....###.§.#
##..#....##.§..###
#..##..[##.§§§§§#
##..#..##§§#§§§§.#
#..####..###§§4§..
##.###4..# §3§..§
##..#.@## §4§§§
#...4## ..§§
##..## §. #### #


You could see 2 blue devils.

Vanquished Creatures
  The ghost of McCoppin the Grappler, a powerful TrCK of Xom (Lair:1)
  The ghost of McCoppin the Grappler, a powerful TrCK of Xom (Lair:2)
  Erolcha (D:11)
  3 death yaks (Lair:6)
  Nergalle (Lair:4)
  The ghost of aspa the Cleaver, an experienced MiGl of Trog (D:7)
  2 ice devils (IceCv)
  A hill giant (D:10)
  An unseen horror (D:9)
  2 ice statues (IceCv)
  A mana viper (shapeshifter) (D:10)
  A griffon (Lair:5)
  2 elephants (Lair:4)
  An orc sorcerer (D:11)
  3 black mambas
  A torpor snail (Lair:5)
  A gargoyle (D:10)
  14 spiny frogs
  A fire drake (Lair:7)
  5 komodo dragons
  A blue devil (IceCv)
  A troll (D:11)
  A merfolk (Lair:4)
  A boulder beetle (Lair:6)
  14 blink frogs
  9 humans
  2 deep elf magi
  24 yaks
  Eustachio (D:4)
  A hill giant zombie (D:11)
  A wyvern (Lair:2)
  6 hippogriffs
  A hungry ghost (D:11)
  8 wolves
  6 ice beasts
  4 orc warriors
  2 slaves (D:5)
  3 sky beasts
  A black bear (D:8)
  5 centaurs
  4 phantoms
  8 water moccasins
  7 ogres
  13 porcupines
  7 crocodiles
  16 giant frogs
  Blork the orc (D:4)
  3 scorpions
  A water moccasin zombie (D:6)
  11 wights
  9 killer bees
  3 crimson imps
  A goliath beetle (D:7)
  9 electric eels
  10 hounds
  4 centaur zombies (Ossuary)
  2 quasits
  Crazy Yiuf (D:7)
  3 giant frog skeletons
  2 jellies
  5 orc wizards
  9 iguanas
  9 orc priests
  8 worker ants
  A killer bee zombie (D:11)
  7 ogre zombies (D:11)
  11 sheep
  4 big kobold zombies (Ossuary)
  3 hound zombies
  7 mummies
  2 hound skeletons
  3 gnolls (D:7)
  A worker ant zombie (D:7)
  19 adders
  31 river rats
  17 white imps
  2 giant mites
  3 shadow imps
  3 worms
  10 ufetubi
  An adder zombie (D:5)
  An adder skeleton (D:5)
  8 giant geckos
  2 oozes (D:1)
  32 orcs
  8 giant cockroaches
  18 hobgoblins
  27 jackals
  13 kobolds
  11 quokkas
  2 ball pythons (D:3)
  10 bats
  7 giant newts
  A giant spore (D:11)
  8 goblins
  A goblin skeleton (D:11)
  A goblin zombie (D:11)
  2 hobgoblin skeletons (D:11)
  3 hobgoblin zombies (D:11)
  A jackal skeleton (D:5)
  2 jackal zombies
  An orc skeleton (D:11)
  18 orc zombies (D:11)
  A quokka skeleton (D:7)
  42 rats
  2 ballistomycetes (D:11)
629 creatures vanquished.

Vanquished Creatures (collateral kills)
  Pikel (D:5)
  The ghost of stickyfingers the Insei, an average OpTm of Makhleb (D:3)
  An orc priest (D:9)
  2 orcs (D:3)
  A rat (D:3)
6 creatures vanquished.

Vanquished Creatures (others)
  An elephant (Lair:4)
  2 river rats (Lair:3)
  A white imp (IceCv)
  2 shadow imps
  4 ufetubi
  2 plants
12 creatures vanquished.

Grand Total: 647 creatures vanquished

Notes
Turn   | Place    | Note
--------------------------------------------------------------
     0 | D:1      | McCoppin, the Troll Chaos Knight, began the quest for the Orb.
     0 | D:1      | Reached XP level 1. HP: 22/22 MP: 0/0
   213 | D:1      | Reached XP level 2. HP: 25/29 MP: 1/1
   429 | D:1      | Reached XP level 3. HP: 36/36 MP: 2/2
   680 | D:1      | Reached skill level 4 in Unarmed Combat
   916 | D:2      | Reached XP level 4. HP: 35/44 MP: 3/3
  1034 | D:2      | XOM: harmless Chrm miscast
  1293 | D:2      | XOM: mild Air miscast
  1560 | D:2      | Found a bloodstained altar of Trog.
  1673 | D:2      | XOM is BORED!
  1673 | D:2      | XOM: medium Pois miscast
  1720 | D:2      | XOM: divination: detect creatures
  1789 | D:3      | Reached XP level 5. HP: 45/50 MP: 4/4
  1791 | D:3      | XOM: butterfly on damage
  1796 | D:3      | Reached skill level 5 in Unarmed Combat
  1867 | D:3      | Found Zin's Purification Station.
  1868 | D:3      | Found a glowing silver altar of Zin.
  1873 | D:3      | Bought a potion of curing for 90 gold pieces
  1967 | D:3      | Found a blossoming altar of Fedhas.
  2073 | D:3      | Noticed stickyfingers's ghost (average OpTm)
  2077 | D:3      | XOM: mild Hex miscast
  2080 | D:3      | XOM: confusion (+ monsters)
  2085 | D:3      | XOM: summons 5 friendly demons
  2092 | D:3      | Killed stickyfingers's ghost
  2117 | D:3      | Reached XP level 6. HP: 20/59 MP: 5/5
  2189 | D:3      | Noticed a sky beast
  2194 | D:3      | XOM: blink monster(s)
  2200 | D:3      | Killed a sky beast
  2200 | D:3      | Reached skill level 6 in Unarmed Combat
  2508 | D:4      | XOM: divination: magic mapping
  2522 | D:4      | Noticed Blork the orc
  2535 | D:4      | Killed Blork the orc
  2535 | D:4      | Reached XP level 7. HP: 43/66 MP: 6/6
  2562 | D:4      | Noticed McCoppin's ghost (experienced TrCK)
  2568 | D:4      | XOM: divination: magic mapping
  2602 | D:3      | XOM: harmless Chrm miscast
  2610 | D:3      | Reached skill level 7 in Unarmed Combat
  2717 | D:4      | Gained mutation: You are dopey. (Int -2) [potion of mutation]
  2717 | D:4      | Gained mutation: Your body is slowly deteriorating. [potion of mutation]
  2717 | D:4      | Gained mutation: Armour fits poorly on your strangely shaped body. [potion of mutation]
  2796 | D:4      | Noticed Eustachio
  2800 | D:4      | XOM: confuse monster(s)
  2865 | D:4      | XOM: enchant monster (good)
  2866 | D:4      | Killed Eustachio
  2921 | D:4      | Noticed a deep elf mage
  2926 | D:4      | XOM: potion effect (experience)
  2926 | D:4      | Reached skill level 5 in Fighting
  2926 | D:4      | Reached skill level 11 in Unarmed Combat
  2926 | D:4      | Reached XP level 8. HP: 61/81 MP: 7/7
  2927 | D:4      | XOM: divination: detect creatures
  2929 | D:4      | Killed a deep elf mage
  3095 | D:5      | Entered Level 5 of the Dungeon
  3101 | D:5      | XOM: noise
  3106 | D:5      | Found a glowing golden altar of the Shining One.
  3225 | D:5      | Reached XP level 9. HP: 86/88 MP: 8/8
  3277 | D:5      | Found a sand-covered staircase.
  3287 | Ossuary  | Entered an ossuary
  3466 | Ossuary  | XOM: noise
  3467 | Ossuary  | XOM: god gift: buckler {god gift}
  3752 | D:5      | Noticed Pikel
  3758 | D:5      | Killed Pikel
  4101 | D:6      | XOM: chaos cloud
  4103 | D:6      | Reached skill level 12 in Unarmed Combat
  4190 | D:6      | Found a shimmering altar of Xom.
  4636 | D:6      | Gained mutation: You have sharp toenails. [mutagenic meat]
  4637 | D:6      | Gained mutation: Your magical capacity is low (-10% MP). [mutagenic meat]
  4793 | D:7      | XOM: polymorph orc -> adder
  4795 | D:7      | XOM: 1-stop teleportation journey
  4890 | D:7      | Noticed aspa's ghost (experienced MiGl)
  4902 | D:7      | XOM: polymorph hobgoblin -> bat
  4906 | D:7      | XOM: confusion
  4934 | D:7      | Killed aspa's ghost
  4934 | D:7      | Reached XP level 10. HP: 34/97 MP: 8/8
  4954 | D:7      | XOM: snakes to sticks
  4963 | D:7      | Found an iron altar of Okawaru.
  4968 | D:7      | XOM: destruction
  4971 | D:7      | XOM: fake destruction
  4995 | D:7      | Found a shadowy altar of Dithmenos.
  5013 | D:7      | XOM: 3-stop teleportation journey
  5194 | D:7      | XOM: polymorph rat -> giant gecko
  5272 | D:7      | XOM: god gift: 23 gold pieces
  5329 | D:7      | Gained mutation: You are partially covered in yellow scales (AC +2). [mutagenic meat]
  5330 | D:7      | Gained mutation: Your body is deteriorating. [mutagenic meat]
  5454 | D:7      | Found a sparkling altar of Nemelex Xobeh.
  5529 | D:7      | Noticed Crazy Yiuf
  5538 | D:7      | Killed Crazy Yiuf
  5994 | D:8      | Found Jiujaq's Distillery.
  6005 | D:8      | Reached skill level 13 in Unarmed Combat
  6007 | D:8      | Bought a potion of invisibility for 96 gold pieces
  6007 | D:8      | Bought a potion of heal wounds for 60 gold pieces
  6007 | D:8      | Bought a potion of might for 48 gold pieces
  6007 | D:8      | Bought a potion of might for 48 gold pieces
  6108 | D:8      | XOM: give mutation
  6108 | D:8      | Gained mutation: Your spells are a little harder to cast, but a little more powerful. [Xom's grace]
  6231 | D:8      | XOM: vitrification
  6508 | D:9      | XOM: divination: magic mapping
  6590 | D:9      | XOM: summons friendly ufetubus
  6639 | D:9      | XOM: confuse monster(s)
  6679 | D:9      | Found an ancient bone altar of Kikubaaqudgha.
  6794 | D:9      | XOM: divination: detect items
  6872 | D:9      | Killed an unseen horror
  6930 | D:9      | XOM: medium Chrm miscast
  7060 | D:9      | XOM: noise
  7211 | D:9      | Found a sacrificial altar of Ru.
  7211 | D:9      | Found a white marble altar of Elyvilon.
  7212 | D:9      | Found a basalt altar of Yredelemnul.
  7213 | D:9      | XOM: cast spell 'Ice Form'
  7370 | D:10     | Entered Level 10 of the Dungeon
  7378 | D:10     | XOM: summons friendly shadow imp
  7380 | D:10     | XOM: potion effect (haste)
  7477 | D:10     | Noticed a hill giant
  7479 | D:10     | XOM: cast spell 'Confusing Touch'
  7481 | D:10     | XOM: butterfly on damage
  7490 | D:10     | Killed a hill giant
  7490 | D:10     | Reached XP level 11. HP: 36/107 MP: 8/8
  7742 | D:10     | XOM: potion effect (curing)
  7743 | D:10     | XOM: chaos upgrade
  7841 | D:10     | XOM: summons friendly crimson imp
  7895 | D:10     | XOM: divination: magic mapping
  7897 | D:10     | XOM: mild Trmt miscast
  8105 | D:10     | Noticed a hill giant
  8110 | D:10     | a hill giant changed into a glowing shapeshifter
  8110 | D:10     | XOM: polymorph hill giant -> glowing shapeshifter
  8348 | D:10     | Found a glowing golden altar of the Shining One.
  8448 | D:10     | Identified a scroll of acquirement
  8451 | D:10     | Got a pitted shield
  8457 | D:10     | Identified the +3 shield of Negligence {rPois rN+ rCorr SInv} (You acquired it on level 10 of the Dungeon)
  8607 | D:11     | XOM: scenery: 1 doors close
  8634 | D:11     | XOM: blink monster(s)
  8783 | D:11     | Found a staircase to the Orcish Mines.
  8915 | D:11     | Noticed Erolcha
  8916 | D:11     | XOM: cast spell 'Flight'
  8927 | D:11     | XOM: blink monster(s)
  8936 | D:11     | Killed Erolcha
  9104 | D:11     | XOM: scenery: 1 doors close
  9106 | D:11     | Found a staircase to the Lair.
  9149 | D:11     | XOM: scenery: 1 doors open, 1 doors close
  9323 | Lair:1   | Entered Level 1 of the Lair of Beasts
  9462 | Lair:1   | Noticed McCoppin's ghost (powerful TrCK)
  9483 | Lair:1   | Killed McCoppin's ghost
  9610 | Lair:1   | XOM: noise
  9625 | Lair:1   | XOM: colour smoke trail
  9767 | Lair:1   | Reached skill level 14 in Unarmed Combat
  9783 | Lair:1   | XOM: smoke on damage
  9785 | Lair:1   | XOM: divination: detect items
  9788 | Lair:1   | Reached XP level 12. HP: 36/122 MP: 9/9
  9866 | Lair:1   | XOM: potion effect (berserk rage)
  9867 | Lair:1   | XOM: potion effect (haste)
  9953 | Lair:1   | XOM: cast spell 'Dispersal'
 10013 | Lair:1   | XOM: cast spell 'Chain of Chaos'
 10031 | Lair:1   | XOM: colour smoke trail
 10109 | Lair:1   | XOM is BORED!
 10109 | Lair:1   | XOM: noise
 10276 | Lair:2   | XOM: divination: magic mapping
 10277 | Lair:2   | Reached skill level 1 in Evocations
 10424 | Lair:2   | Got a steaming shortbow
 10425 | Lair:2   | Identified the +8 shortbow of Qazlal's Displeasure {velocity, +Blink rF+ SInv Stlth-} (You found it on level 2 of the Lair of Beasts)
 10441 | Lair:2   | XOM: harmless Conj miscast
 10655 | Lair:2   | Noticed McCoppin's ghost (powerful TrCK)
 10670 | Lair:2   | XOM: cast spell 'Discord'
 10747 | Lair:2   | Reached skill level 10 in Dodging
 10891 | Lair:2   | Killed McCoppin's ghost
 10920 | Lair:2   | XOM: noise
 11124 | Lair:2   | XOM: summons 2 friendly demons
 11131 | Lair:2   | XOM: potion effect (agility)
 11479 | Lair:3   | Noticed a four-headed hydra
 11480 | Lair:3   | XOM: harmless Fire miscast
 11501 | Lair:3   | XOM: 3-stop teleportation journey
 11518 | Lair:3   | XOM: destruction
 11673 | Lair:3   | XOM: harmless Air miscast
 11737 | Lair:3   | XOM: severe Conj miscast
 11737 | Lair:3   | XOM: smoke on damage
 11741 | Lair:3   | XOM: smoke on damage
 11742 | Lair:3   | XOM: enchant monster (bad)
 11746 | Lair:3   | Reached skill level 1 in Throwing
 11827 | Lair:4   | XOM: blink monster(s)
 11857 | Lair:4   | Noticed Nergalle
 11865 | Lair:4   | Killed Nergalle
 11874 | Lair:4   | XOM: god gift: wand of fireball {god gift}
 11946 | Lair:4   | XOM: fake destruction
 11951 | Lair:4   | XOM: divine lightning (protected)
 11964 | Lair:4   | XOM: smoke on damage
 11971 | Lair:4   | XOM: medium Hex miscast
 11975 | Lair:4   | XOM: enchant monster (good)
 11982 | Lair:4   | XOM: 1-stop teleportation journey
 11985 | Lair:4   | XOM: blink monster(s)
 12103 | Lair:4   | Reached XP level 13. HP: 129/132 MP: 12/12
 12141 | Lair:4   | Found a staircase to the Shoals.
 12161 | Lair:4   | You fall through a shaft for 2 floors!
 12195 | Lair:6   | XOM: summons 3 hostile shadow creatures
 12284 | Lair:6   | XOM: noise
 12375 | Lair:5   | XOM: 1-stop teleportation journey
 12538 | Lair:5   | XOM: noise
 12662 | Lair:6   | Reached skill level 10 in Fighting
 12681 | Lair:6   | XOM: butterfly on damage
 12696 | Lair:6   | Got a crude robe
 12705 | Lair:6   | Reached skill level 5 in Throwing
 12718 | Lair:6   | XOM: severe Conj miscast
 12723 | Lair:6   | Identified the +1 robe "Raprih" {rPois rF+++ Regen+ Int-5} (You found it on level 6 of the Lair of Beasts)
 13094 | Lair:6   | Lost mutation: Your magical capacity is low (-10% MP). [potion of cure mutation]
 13094 | Lair:6   | Lost mutation: Your spells are a little harder to cast, but a little more powerful. [potion of cure mutation]
 13094 | Lair:6   | Lost mutation: You are dopey. (Int -2) [potion of cure mutation]
 13094 | Lair:6   | Lost mutation: Armour fits poorly on your strangely shaped body. [potion of cure mutation]
 13094 | Lair:6   | Lost mutation: You have sharp toenails. [potion of cure mutation]
 13094 | Lair:6   | Lost mutation: Your body is deteriorating. [potion of cure mutation]
 13230 | Lair:6   | XOM: fake destruction
 13289 | Lair:6   | XOM: potion effect (curing)
 13293 | Lair:6   | XOM: draining
 13304 | Lair:6   | XOM: confusion
 13315 | Lair:6   | XOM: confuse monster(s)
 13500 | Lair:6   | XOM is BORED!
 13500 | Lair:6   | XOM: mild Conj miscast
 13587 | Lair:7   | Found a frozen archway.
 13705 | IceCv    | Entered an ice cave
 13742 | IceCv    | XOM: summons friendly white imp
 13761 | IceCv    | XOM: enchant monster (bad)
 13781 | IceCv    | XOM: polymorph white imp -> shadow imp
 13911 | IceCv    | XOM: chaos cloud
 13981 | IceCv    | Slain by a blue devil

Action                   |  1- 3 |  4- 6 |  7- 9 | 10-12 | 13-15 || total
-------------------------+-------+-------+-------+-------+-------++-------
Melee: Unarmed           |   124 |   142 |   305 |  1013 |   356 ||  1940
Throw: Javelin           |       |       |       |     3 |       ||     3
Evoke: Wand              |       |       |       |    12 |       ||    12
  Use: Potion            |       |       |     8 |     6 |    10 ||    24
       Scroll            |       |       |    10 |    10 |     4 ||    24
 Stab: Sleeping          |       |       |     2 |       |       ||     2
       Distracted        |       |       |       |     2 |       ||     2
       Confused          |       |       |       |     1 |       ||     1
  Eat: Chunk             |    12 |     8 |    29 |    66 |    10 ||   125
       Bread ration      |       |       |     1 |     1 |     1 ||     3
